 Zot Defence DCSS version 0.13.2 (webtiles) character file.

132 Adamkad1 the Practitioner (level 3, 0/30 (32) HPs)
             Began as a Deep Dwarf Healer on Jan 1, 2019.
             Was a Believer of Elyvilon.
             Shot with an arrow of flame by Threomudgh (12 damage)
             ... in the Realm of Zot (Scenario I: Hall of Zot).
             The game lasted 00:02:24 (334 turns).

Adamkad1 the Practitioner (Deep Dwarf Healer)        Turns: 334, Time: 00:02:24

HP   0/30 (32)   AC  3     Str 15      XL: 3   Next:  8%
MP   2/7         EV 12     Int 13      God: Elyvilon [**....]
Gold 100         SH  0     Dex 12      Spells:  0 memorised,  2 levels left

Res.Fire  : . . .   See Invis. : .   (no weapon)
Res.Cold  : . . .   Warding    : .   a - +1 robe
Life Prot.: . . .   Conserve   : .   (no shield)
Res.Poison: .       Res.Corr.  : .   (no helmet)
Res.Elec. : .       Clarity    : .   (no cloak)
Sust.Abil.: . .     Spirit.Shd : .   (no gloves)
Res.Mut.  : .       Stasis     : .   (no boots)
Res.Rott. : .       Flight     : .   (no amulet)
Saprovore : . . .                    (no ring)
                                     (no ring)

@: non-regenerating, slightly resistant to hostile enchantments, unstealthy
A: damage resistance, recharge devices, sense surroundings 1, slow healing 3
a: Make dart trap, Make oklob sapling, Make arrow trap, Device Recharging,
Lesser Healing, Lesser Self-Healing, Divine Protection, Purification, Renounce
Religion


You were in the Realm of Zot.
You worshipped Elyvilon.
Elyvilon was pleased with you.
You were not hungry.

You visited 1 branch

Inventory:

Armour
 a - a +1 robe (worn)
Magical devices
 d - a wand of heal wounds (5)
Comestibles
 f - 2 bread rations
Scrolls
 i - a scroll of blinking
Potions
 b - 4 potions of curing
 c - 2 potions of heal wounds
 e - a potion of speed
 g - 2 potions of magic
 h - a potion of berserk rage


   Skills:
 - Level 1.7 Fighting
 - Level 2.1 Dodging
 * Level 6.3 Invocations


You had 2 spell levels left.
You didn't know any spells.

Dungeon Overview and Level Annotations

Branches:
    Zot (1/1)

Altars:


Innate Abilities, Weirdness & Mutations

You are resistant to damage.
You can recharge devices by infusing magical energy.
You passively map a small area around you.
You do not heal naturally.


Message History

You heal the goblin.
The goblin is completely healed.
Threomudgh wields a bow.
Threomudgh shoots an arrow of flame.
The arrow of flame misses the goblin.
The arrow of flame hits you!
Threomudgh shoots an arrow of flame.
The arrow of flame hits the goblin.
The goblin dies!
Use which ability? (? or * to list)
Press: ? - help, Dir - move target cursor, f - Threomudgh Heal: Threomudgh the centaur, wielding a bow (lightly wounded) Threomudgh is completely unfazed by your meager offer of peace.
Threomudgh shoots an arrow of flame.
The arrow of flame misses you.
Your oklob sapling spits acid at Threomudgh.
The splash of acid hits Threomudgh.
Threomudgh writhes in agony as its flesh is eaten away!
Use which ability? (? or * to list)
Press: ? - help, Dir - move target cursor, f/p - Threomudgh Heal: Threomudgh the centaur, wielding a bow (moderately wounded, bleeding) Threomudgh is completely unfazed by your meager offer of peace.
Threomudgh shoots an arrow of flame.
The arrow of flame misses you.
Threomudgh shoots an arrow of flame.
The arrow of flame hits you!
You die...

######## ######## ....####
####.... .......### ###.......
.........## ##.........
..........# ######### #..........
..........###.......###..........
..........##.........##..........
..........#.....P.....#..........
..........^..(.^@^%..c^..........
.........)#.....^.....#..........
..........##.........##..........
..........###.......###..........
..........# ######### #..........
.........## ##.........
.......### ###....... ....####
####.... ######### #########


You could see Threomudgh the centaur (bleeding) and a friendly oklob sapling.

Vanquished Creatures (collateral kills)
  A giant mite (Zot)
  A bat (Zot)
  4 goblins (Zot)
  A giant cockroach (Zot)
  2 kobolds (Zot)
  A rat (Zot)
10 creatures vanquished.

Vanquished Creatures (others)
  4 goblins (Zot)
  2 ball pythons (Zot)
  A bat (Zot)
  A kobold (Zot)
8 creatures vanquished.

Grand Total: 18 creatures vanquished

Notes
Turn   | Place    | Note
--------------------------------------------------------------
     0 | Zot      | Adamkad1, the Deep Dwarf Healer, began the quest for the Orb.
     0 | Zot      | Reached XP level 1. HP: 19/19 MP: 2/2
   199 | Zot      | Reached skill level 5 in Invocations
   216 | Zot      | Reached XP level 2. HP: 26/26 MP: 2/4
   245 | Zot      | Reached skill level 6 in Invocations
   323 | Zot      | Reached XP level 3. HP: 25/30 MP: 5/7
   331 | Zot      | Noticed Threomudgh
   334 | Zot      | Shot with an arrow of flame by Threomudgh

Action                   || total
-------------------------++-------
Melee: Unarmed           ||     6
Invok: Lesser Healing    ||    10
 Abil: Make dart trap    ||     5
       Make oklob saplin ||     1
